 Dungeon Crawl Stone Soup version 0.17.0-73-gb648821 (webtiles) character file.

141 musteatbrain the Skirmisher (level 5, 0/42 HPs)
             Began as a Demonspawn Fighter on Dec 9, 2015.
             Slain by an adder (2 damage)
             ... on level 4 of the Dungeon.
             The game lasted 00:03:40 (3228 turns).

musteatbrain the Skirmisher (Demonspawn Fighter)    Turns: 3228, Time: 00:03:40

Health: 0/42       AC:  2    Str: 17    XL:     5   Next: 3%
Magic:  5/5        EV: 18    Int:  9    God:
Gold:   73         SH:  2    Dex: 18    Spells: 0 memorised, 4 levels left

rFire  . . .     SeeInvis .     (no weapon)
rCold  . . .     Clarity  .     (no armour)
rNeg   . . .     SustAt   .     (no shield)
rPois  .         Gourm    .     (no helmet)
rElec  .         Spirit   .     (no cloak)
rCorr  .         Warding  .     (no gloves)
rMut   .         Stasis   .     (no boots)
MR     .....                    (no amulet)
Stlth  +++.......               (no ring)
                                (no ring)

@: agile, not resistant to hostile enchantments, fairly stealthy
A: talons 1, large bone plates 1, powered by pain 1
a: no special abilities


You were on level 4 of the Dungeon.
You were not hungry.

You visited 1 branch of the dungeon, and saw 5 of its levels.

You collected 73 gold pieces.

Inventory:

Scrolls
 f - a scroll of teleportation {unknown}
 i - a scroll of remove curse {unknown}
 k - a scroll of noise {unknown}
 n - a scroll of enchant armour {unknown}
 o - a scroll of random uselessness {unknown}
Potions
 d - a potion of might
 e - 3 potions of curing {unknown}
 g - a potion of lignification {unknown}
 h - a potion of magic {unknown}
 j - a potion of agility {unknown}
 l - a potion of flight {unknown}
 p - a potion of cancellation {unknown}
 q - 2 potions of cure mutation {unknown}
 r - a potion of mutation {unknown}
Comestibles
 m - a bread ration


   Skills:
 + Level 3.9 Fighting
   Level 2.8 Axes
 + Level 3.3 Armour
 + Level 2.0 Dodging
   Level 2.6 Shields


You had 4 spell levels left.
You didn't know any spells.

Dungeon Overview and Level Annotations

Branches:
Dungeon (5/15)
 Temple: D:4-7

Altars:
Cheibriados
Elyvilon
Ru

Annotations:
D:3 Ijyb


Innate Abilities, Weirdness & Mutations

You have sharp toenails.
You are partially covered in large bone plates (AC +2, SH +2).
You sometimes gain a little power by taking damage.


Message History

The adder closely misses you.
You hit the worm but do no damage. You claw the worm, but do no damage.
The adder bites you. The quokka misses you. The worm bites you!
* * * LOW HITPOINT WARNING * * *
You focus on the pain.
You feel agile all of a sudden. The adder closely misses you.
The quokka misses you. The worm misses you. The quokka closely misses you.
The worm bites you.
* * * LOW HITPOINT WARNING * * *
The adder closely misses you. x2
The worm barely misses you. The quokka completely misses you.
You barely miss the quokka. Your kick misses the quokka.
The quokka is moderately wounded.
The adder closely misses you. The quokka misses you. The worm misses you.
You closely miss the quokka. Your kick misses the quokka.
The quokka is moderately wounded.
The adder bites you.
You die...

#....#........
#.#.##..[....)
#
#.####..##.#..
#.###. #...#.#
. ...#.# ##..#
#
###....####..#
.........##..#
#....#.##..#
#.#.S@#..###.#.
#$..wr.........
###...#..###...
##...........
####......!.
######..# .# #


You could see a worm, an adder and a quokka.

Vanquished Creatures
  6 adders
  3 gnolls (D:2)
  3 worms
  A ball python (D:4)
  2 giant cockroaches
  10 goblins
  5 hobgoblins
  4 kobolds
  2 quokkas
  10 bats
  A giant newt (D:1)
  4 jackals (D:1)
  6 rats
57 creatures vanquished.

Notes
Turn   | Place    | Note
--------------------------------------------------------------
     0 | D:1      | musteatbrain the Demonspawn Fighter began the quest for the Orb.
     0 | D:1      | Reached XP level 1. HP: 18/18 MP: 1/1
   255 | D:1      | Gained mutation: You have sharp toenails. [demonic ancestry]
   255 | D:1      | Reached XP level 2. HP: 12/24 MP: 2/2
  1054 | D:2      | Reached skill level 1 in Dodging
  1054 | D:2      | Gained mutation: You are partially covered in large bone plates (AC +2, SH +2). [demonic ancestry]
  1054 | D:2      | Reached XP level 3. HP: 14/29 MP: 3/3
  1870 | D:2      | Reached XP level 4. HP: 21/36 MP: 4/4
  2027 | D:2      | Found a faded altar to an unknown god.
  2087 | D:2      | Found a sacrificial altar of Ru.
  2090 | D:2      | Found a snail-covered altar of Cheibriados.
  2093 | D:2      | Found a white marble altar of Elyvilon.
  3115 | D:3      | Gained mutation: You sometimes gain a little power by taking damage. [demonic ancestry]
  3115 | D:3      | Reached XP level 5. HP: 36/42 MP: 5/5
  3148 | D:3      | Noticed Ijyb
  3169 | D:5      | Entered Level 5 of the Dungeon
  3224 | D:4      | HP: 1/42 [worm (3)]
  3228 | D:4      | Slain by an adder

Action                   |  1- 3 |  4- 6 || total
-------------------------+-------+-------++-------
Melee: War axe           |    97 |   101 ||   198
       Unarmed           |       |    12 ||    12
  Eat: Bread ration      |     1 |       ||     1
       Chunk             |       |     3 ||     3
